 Dungeon Crawl Stone Soup version 0.18-a0-1418-ga86aa8f (webtiles) character file.

58 namelastname112 the Insei (level 3, 0/34 HPs)
             Began as a Draconian Monk on Feb 27, 2016.
             Slain by Grinder (7 damage)
             ... on level 3 of the Dungeon.
             The game lasted 00:02:31 (1513 turns).

namelastname112 the Insei (Draconian Monk)          Turns: 1513, Time: 00:02:31

Health: 0/34       AC:  6    Str: 17 (18) XL:     3   Next: 75%
Magic:  3/3        EV: 13    Int: 10      God:
Gold:   96         SH:  0    Dex: 14      Spells: 0 memorised, 2 levels left

rFire  . . .     SeeInvis .       - Unarmed
rCold  . . .     Gourm    .     (armour unavailable)
rNeg   . . .     Faith    .     (no shield)
rPois  .         Spirit   .     (helmet restricted)
rElec  .         Dismiss  .     (no cloak)
rCorr  .         Reflect  .     e - +0 pair of gloves
SustAt .         Harm     .     (no boots)
MR     .....     Rnd*Tele +     t - amulet of inaccuracy (curse)
Stlth  ++........               (no ring)
                                k - ring of teleportation (curse)

@: mighty, very slightly contaminated, hasted, invisible, very quick, not
resistant to hostile enchantments, unstealthy
A: unfitting armour, deterioration 1, robust 1, cold-blooded, subdued magic 1,
AC +5
a: no special abilities


You were on level 3 of the Dungeon.
You were not hungry.

You visited 1 branch of the dungeon, and saw 3 of its levels.

You collected 96 gold pieces.

Inventory:

Armour
 e - a +0 pair of gloves (worn)
Jewellery
 k - a cursed ring of teleportation (left hand)
 t - a cursed amulet of inaccuracy (around neck)
Scrolls
 d - 2 scrolls of teleportation {unknown}
 f - 2 scrolls of identify {unknown}
 i - a scroll of magic mapping {unknown}
 p - a scroll of noise {unknown}
 r - a scroll of remove curse {unknown}
 s - a scroll of blinking {unknown}
Potions
 l - a potion of invisibility
Comestibles
 a - 3 bread rations
 c - 2 meat rations
 g - 4 beef jerkies
 j - 6 fruits
 m - a royal jelly


   Skills:
 - Level 3.2 Fighting
 - Level 2.6 Dodging
 - Level 1.7 Stealth
 + Level 5.4 Unarmed Combat


You had 2 spell levels left.
You didn't know any spells.

Dungeon Overview and Level Annotations

Branches:
Dungeon (3/15)

Altars:
The Shining One

Annotations:
D:3 Grinder


Innate Abilities, Weirdness & Mutations

Your plain brown scales are hard (AC +5).
Your body does not fit into most forms of armour.
You are cold-blooded and may be slowed by cold attacks.
Your body sometimes deteriorates upon taking damage.
You are robust (+10% HP).
Your spells are a little easier to cast, but a little less powerful.


Message History

Grinder hits you but does no damage.
You feel less invigorated.
You feel less confused. Grinder completely misses you. Grinder hits you!
You writhe in agony.
Grinder hits you!
You writhe in agony. x2
Grinder rolls his eyes.
Grinder hits you but does no damage. Grinder hits you.
You writhe in agony.
* * * LOW HITPOINT WARNING * * *
You can move again.
Unknown command.
Unknown command.
Unknown command.
You punch Grinder! You tail-slap Grinder!
Grinder is severely wounded.
You barely miss Grinder.
Grinder is severely wounded.
Grinder hits you!
You die...

#.....# #.#
#######
###.# #...#
#.###
####### #.#
#...... #.#
..... #.#
###..##.#
#....5@.#
....#..####
# #.< ....
#####


You could see Grinder.

Vanquished Creatures
  An adder (D:2)
  4 dart slugs
  A giant cockroach (D:1)
  6 goblins
  4 hobgoblins
  7 jackals
  4 bats
  2 giant newts
  5 kobolds
  7 rats
41 creatures vanquished.

Notes
Turn   | Place    | Note
--------------------------------------------------------------
     0 | D:1      | namelastname112 the Draconian Monk began the quest for the Orb.
     0 | D:1      | Reached XP level 1. HP: 19/19 MP: 1/1
   108 | D:1      | Reached XP level 2. HP: 12/26 MP: 2/2
   529 | D:1      | Found a glowing golden altar of the Shining One.
   800 | D:2      | Reached skill level 5 in Unarmed Combat
   800 | D:2      | Reached XP level 3. HP: 29/31 MP: 3/3
  1477 | D:3      | Noticed Grinder
  1485 | D:3      | Gained mutation: Your spells are a little easier to cast, but a little less powerful. [potion of mutation]
  1485 | D:3      | Gained mutation: Your body sometimes deteriorates upon taking damage. [potion of mutation]
  1485 | D:3      | Gained mutation: You are robust (+10% HP). [potion of mutation]
  1505 | D:3      | Paralysed by Grinder for 6 turns
  1513 | D:3      | Slain by Grinder

Vault maps used:
D:1:      minmay_arrival_wavy_path, tso_altar
D:3:      uniq_grinder

Skill      XL: |  1  2 |
---------------+-------+-----
Unarmed Combat | 5 |  5.4
Fighting       | |  3.2
Dodging        | |  2.6
Stealth        | |  1.7

Action                   || total
-------------------------++-------
Melee: Unarmed           ||   111
  Use: Potion            ||     8
 Stab: Sleeping          ||     4
       Distracted        ||     1
  Eat: Chunk             ||     2
